[Event "Titled Tuesday Blitz June 14 Late 2022"]
[White "Kosteniuk, Alexandra"]
[Black "Zhurbinsky, David"]
[WhiteFideId "4128125"]
[BlackFideId "2072904"]
[WhiteElo "2469"]
[BlackElo "2579"]
[Result "1-0"]
[Round "09"]
[TimeControl "180+1"]
[Date "2022.06.14"]
[WhiteClock "0:00:21"]
[BlackClock "0:00:14"]

1. e4 e5 2. Nf3 Nc6 3. Bc4 Bc5 4. c3 Nf6 5. d4 exd4 6. cxd4 Bb4+ 7. Nbd2 Nxe4 8. d5 Ne7 9. O-O Nxd2 10. Nxd2 O-O 11. a3 Bxd2 12. Bxd2 d6 13. Rc1 Bf5 14. Qb3 Rb8 15. Qc3 Ng6 16. Be3 a6 17. Bd4 Qg5 18. Qg3 Qxg3 19. hxg3 Rfe8 20. Bb3 Rbc8 21. f3 Re2 22. Rf2 Rxf2 23. Kxf2 c5 24. dxc6 bxc6 25. Bc4 c5 26. Bc3 Rc6 27. Re1 Kf8 28. g4 Be6 29. Bxe6 fxe6 30. Rxe6 Nf4 31. Re4 g5 32. g3 Nd3+ 33. Ke2 d5 34. Ra4 c4 35. Ra5 Re6+ 36. Kd2 Ne1 37. Rxd5 Nxf3+ 38. Kc2 Re2+ 39. Kb1 h6 40. Rf5+ Ke7 41. Rxf3 Rg2 42. a4 h5 43. gxh5 g4 44. Re3+ Kf7 45. h6 Kg6 46. Bg7 Kh7 47. Rc3 a5 48. Ka2 Kg6 49. Ka3 Kh7 50. Ka2 Kg6 51. Re3 Kh7 52. Re4 Kg6 53. Rxg4+ Kh7 54. Rxc4 Rxg3 55. Rc5 Kg8 56. Rxa5 Rg6 57. Rb5 Kh7 58. a5 Ra6 59. b4 Ra7 60. Kb3 Kg6 61. Ka4 Kh7 62. Rc5 Ra6 63. b5 Ra7 64. a6 Ra8 65. Ka5 Rb8 66. b6 Re8 67. a7 Re1 68. Ka6 Re4 69. a8=Q Ra4+ 70. Kb7 Rg4 71. Qh8+ Kg6 72. Rc6+ Kh5 73. Qe8+ Kh4 74. Bf6+ Kh3 75. Rc3+ Kg2 76. Qe2+ Kh1 77. Rc1+ Rg1 78. Qf3+ Kh2 79. Be5+ Rg3 80. Qxg3# 1-0


[Site "https://www.chess.com"]

[Event "Titled Tuesday Blitz June 14 Late 2022"]
[White "Kozak, Adam"]
[Black "Bortnyk, Olexandr"]
[WhiteFideId "753246"]
[BlackFideId "14120828"]
[WhiteElo "2459"]
[BlackElo "2723"]
[Result "1/2-1/2"]
[Round "09"]
[TimeControl "180+1"]
[Date "2022.06.14"]
[WhiteClock "0:00:05"]
[BlackClock "0:00:03"]

1. Nf3 d6 2. c4 e5 3. Nc3 f5 4. d3 Nf6 5. g3 g6 6. Bg2 Bg7 7. O-O O-O 8. Rb1 a5 9. a3 Kh8 10. b4 axb4 11. axb4 Nc6 12. Bd2 h6 13. b5 Ne7 14. b6 c6 15. c5 g5 16. cxd6 Qxd6 17. Na4 e4 18. Bb4 Qd8 19. dxe4 fxe4 20. Qxd8 Rxd8 21. Bxe7 exf3 22. Bxf3 Re8 23. Bxf6 Bxf6 24. Nc5 g4 25. Bg2 Rxe2 26. Rfe1 Rxe1+ 27. Rxe1 Bd4 28. Re8+ Kg7 29. Ne6+ Kf7 30. Rxc8 Ra1+ 31. Bf1 Kxe6 32. Rc7 Bxb6 33. Rxb7 Bd4 34. Kg2 h5 35. Rh7 Ra5 36. Rh6+ Kd7 37. Bc4 Rc5 38. Bd3 Ra5 39. h3 gxh3+ 40. Kxh3 Bxf2 41. Be2 Rg5 42. Kg2 Bxg3 43. Rxh5 Rg7 44. Bd3 Bd6+ 45. Kf3 Rg3+ 46. Ke2 Bf4 47. Rf5 Bh6 48. Rf3 Rg2+ 49. Rf2 Rg3 50. Rf3 Rg1 51. Be4 c5 52. Rf5 Rc1 53. Rd5+ Ke6 54. Rh5 Bf4 55. Rf5 Be5 56. Rh5 c4 57. Rh6+ Bf6 58. Rh5 c3 59. Rc5 Ra1 60. Kd3 Rd1+ 61. Ke2 Rd2+ 62. Kf3 Bd4 63. Rc8 Ke5 64. Re8+ Kd6 65. Rd8+ Kc7 66. Rd5 Kb6 67. Rd8 Rf2+ 68. Kg3 Rd2 69. Kf3 Kc5 70. Rb8 Kc4 71. Rc8+ Bc5 72. Ra8 c2 73. Bxc2 Rxc2 74. Re8 Rf2+ 75. Kg3 Rf1 76. Re2 Kd3 77. Re6 Bd4 78. Kg2 Rf7 79. Kg3 Be3 80. Kg4 Kd4 81. Re8 Rf4+ 82. Kg3 Rf5 83. Kg4 Rg5+ 84. Kf3 Rf5+ 85. Kg4 Rf7 86. Rd8+ Ke4 87. Re8+ Kd3 88. Kg3 Bd4 89. Kg4 Rf1 90. Kg3 Kc4 91. Kg2 Ra1 92. Kf3 Ra3+ 93. Kf4 Rh3 94. Rc8+ Kd3 95. Re8 Rh7 96. Kf5 Be3 97. Kg6 Ra7 98. Kf5 Ke2 99. Rc8 Kf3 100. Ke6 Ra5 101. Rc4 Bf4 102. Kf6 Kg4 103. Ke6 Kg5 104. Rc6 Re5+ 105. Kd7 Kf5 106. Ra6 Rb5 107. Kc6 Rb3 108. Rb6 Rc3+ 109. Kd5 Be5 110. Rb5 Rd3+ 111. Kc4 Rd1 112. Kb3 Ke4 113. Kc4 Rc1+ 114. Kb4 Bd4 115. Rh5 Kd3 116. Kb5 Rb1+ 117. Kc6 Kc4 118. Kd7 Rb7+ 119. Kc6 Rb6+ 120. Kc7 Ra6 121. Rf5 Bc5 122. Kd7 Kb5 123. Ke8 Ra7 1/2-1/2


[Site "https://www.chess.com"]

[Event "Titled Tuesday Blitz June 14 Late 2022"]
[White "Kubatko, Ivan"]
[Black "Gurevich, Dmitry"]
[WhiteFideId "24111473"]
[BlackFideId "2000407"]
[WhiteElo "2285"]
[BlackElo "2506"]
[Result "0-1"]
[Round "09"]
[TimeControl "180+1"]
[Date "2022.06.15"]
[WhiteClock "0:00:03"]
[BlackClock "0:00:04"]

1. e4 c5 2. c3 g6 3. d4 cxd4 4. cxd4 Bg7 5. Nc3 d6 6. Be3 Nf6 7. h3 O-O 8. Qd2 d5 9. e5 Ne4 10. Nxe4 dxe4 11. Bc4 b6 12. Ne2 Bb7 13. O-O Nc6 14. a3 Na5 15. Ba2 Bd5 16. b4 Nc4 17. Bxc4 Bxc4 18. Rfc1 Rc8 19. Ng3 Bd3 20. f3 Qd5 21. Rc3 Rxc3 22. Qxc3 f6 23. Rd1 fxe5 24. fxe4 Bxe4 25. Nxe4 Qxe4 26. dxe5 Bxe5 27. Bd4 Bxd4+ 28. Qxd4 Qxd4+ 29. Rxd4 Kf7 30. Rd7 Ra8 31. a4 a5 32. b5 Rc8 33. Rb7 Rc4 34. Rxb6 Rxa4 35. Ra6 Ra1+ 36. Kf2 a4 37. b6 Rb1 38. Ke3 a3 39. b7 Rxb7 40. Rxa3 Rb2 41. Kf3 h5 42. h4 Rb4 43. g3 Kf6 44. Ra6+ Kf5 45. Ra5+ e5 46. Rc5 Rd4 47. Ra5 Rd3+ 48. Kf2 Kg4 49. Ra4+ Kh3 50. Ra1 Rxg3 51. Rh1+ Kg4 52. Re1 Kf4 53. Rh1 Rg4 54. Ke2 e4 55. Kf2 e3+ 56. Ke2 Ke4 57. Kd1 Rg2 58. Ke1 Kd3 59. Kf1 Ra2 60. Rh3 Ra1+ 61. Kg2 Kd2 62. Rf3 e2 63. Rf4 e1=Q 64. Rd4+ Ke3 65. Re4+ Kxe4 66. Kh3 Ra3+ 0-1


[Site "https://www.chess.com"]

[Event "Titled Tuesday Blitz June 14 Late 2022"]
[White "Ladan, Nicholas"]
[Black "Isajevsky, Anton"]
[WhiteFideId "30918855"]
[BlackFideId "4142500"]
[WhiteElo "2167"]
[BlackElo "2510"]
[Result "0-1"]
[Round "09"]
[TimeControl "180+1"]
[Date "2022.06.15"]
[WhiteClock "0:00:11"]
[BlackClock "0:00:12"]

1. d4 d5 2. Bf4 c5 3. dxc5 Nc6 4. e3 e5 5. Bg3 Bxc5 6. Bb5 f6 7. c4 Ne7 8. Nc3 d4 9. exd4 exd4 10. Qh5+ g6 11. Qxc5 dxc3 12. bxc3 O-O 13. Nf3 Qd3 14. Qe3 Qxe3+ 15. fxe3 Nf5 16. Bf2 Na5 17. c5 Be6 18. Nd4 Bc4 19. Bd7 Ne7 20. Bg3 Rfd8 21. Ba4 Nac6 22. Bd6 Kf7 23. Rb1 Ba6 24. Bb3+ Ke8 25. Ne6 Na5 26. Nc7+ Kd7 27. Be6+ Kc6 28. Nxa8 Rxa8 29. Bxe7 Re8 30. Rd1 Rxe7 31. Bg8 Kxc5 32. Kf2 Nc6 33. Rd5+ Kb6 34. Rb1+ Kc7 35. Rc5 b6 36. Rd5 Bb7 37. Rd2 Ne5 38. Bd5 Bxd5 39. Rxd5 Ng4+ 40. Kg3 Nxe3 41. Rd3 Nf5+ 42. Kf2 h5 43. Rbd1 Kc6 44. g3 g5 45. h3 Re6 46. g4 hxg4 47. hxg4 Nd6 48. Rd4 Kc5 49. Rd5+ Kc6 50. c4 Nxc4 51. Rf5 Nd6 52. Rc1+ Kd7 53. Rd5 b5 54. Rcd1 Kc6 55. R5d3 a5 56. Rc3+ Kb6 57. Rdc1 Nc4 58. Rh3 Rd6 59. Rh6 Kc5 60. Kf3 a4 61. Ke4 Kb4 62. Rb1+ Kc5 63. Kf5 Ne3+ 64. Kg6 Nd5 65. Kf7 Nc3 66. Rxf6 Rxf6+ 67. Kxf6 Nxb1 68. Kxg5 Nc3 69. Kf6 b4 70. g5 Ne4+ 71. Kf5 Nxg5 72. Kxg5 b3 73. axb3 axb3 74. Kf4 b2 75. Ke3 b1=Q 76. Kf3 Qf5+ 77. Kg2 Kd4 78. Kg3 Ke3 79. Kg2 Qf4 80. Kh1 Qg4 81. Kh2 Kf2 82. Kh1 Qh4# 0-1


[Site "https://www.chess.com"]

[Event "Titled Tuesday Blitz June 14 Late 2022"]
[White "Lashkin, Jegor"]
[Black "Hoffmann, Asa"]
[WhiteFideId "13907808"]
[BlackFideId "2001470"]
[WhiteElo "2368"]
[BlackElo "2117"]
[Result "1-0"]
[Round "09"]
[TimeControl "180+1"]
[Date "2022.06.14"]
[WhiteClock "0:00:46"]
[BlackClock "0:01:21"]

1. d4 Nf6 2. c4 c5 3. d5 e5 4. Nc3 d6 5. e4 Be7 6. g3 O-O 7. Bg2 Na6 8. Nge2 Ne8 9. O-O Bd7 10. Be3 Nec7 11. a4 Nb4 12. Qd2 b6 13. f4 Bf6 14. f5 Qe7 15. Kh1 a6 16. b3 b5 17. a5 bxc4 18. bxc4 Rab8 19. Ng1 h6 20. Nf3 Kh7 21. h4 Rh8 22. Rad1 Kg8 23. Bxc5 Ne8 24. Be3 Qd8 25. Rb1 Qc7 26. Rfc1 g6 27. Bb6 Rxb6 28. axb6 Qxb6 29. Na4 Qa5 30. Qxb4 Qxa4 31. Qxa4 Bxa4 32. fxg6 fxg6 33. Bh3 g5 34. Be6+ Kg7 35. Rb7+ Kg6 36. h5+ Kxh5 37. g4+ Kg6 38. Bf5# 1-0


[Site "https://www.chess.com"]

[Event "Titled Tuesday Blitz June 14 Late 2022"]
[White "Le Goff, Ronan"]
[Black "Fishbein, Mitch"]
[WhiteFideId "612073"]
[BlackFideId "30922917"]
[WhiteElo "2276"]
[BlackElo "1939"]
[Result "1-0"]
[Round "09"]
[TimeControl "180+1"]
[Date "2022.06.15"]
[WhiteClock "0:00:11"]
[BlackClock "0:00:02"]

1. d4 Nf6 2. Nf3 g6 3. Nc3 d5 4. Bf4 Bg7 5. Nb5 Na6 6. e3 O-O 7. Be2 c6 8. Nc3 Nc7 9. h3 Nce8 10. O-O Nd6 11. a4 a5 12. Na2 Re8 13. Nc1 Nd7 14. Nd3 f6 15. b3 e5 16. dxe5 fxe5 17. Bg5 Bf6 18. Bxf6 Qxf6 19. Nd2 e4 20. Nf4 Ne5 21. c4 d4 22. c5 d3 23. cxd6 dxe2 24. Qxe2 Nf7 25. Nc4 Nxd6 26. Nxd6 Qxd6 27. Rad1 Qf6 28. Rd4 Bf5 29. Rfd1 Rad8 30. Qc4+ Kg7 31. Qc5 Rxd4 32. Rxd4 Rd8 33. Rxd8 Qxd8 34. Kh2 Qc7 35. g3 Kg8 36. Qc4+ Qf7 37. Qc3 Bd7 38. Qxa5 g5 39. Qd8+ Be8 40. Qxg5+ Kh8 41. Qe5+ Kg8 42. Qxe4 c5 43. Qd3 Bc6 44. Qc4 Qxc4 45. bxc4 Bxa4 46. Ne6 b6 47. Nf4 Bb3 48. Nd5 Bxc4 49. Nxb6 Bb3 50. Nd7 c4 51. Nf6+ Kf7 52. Nd5 Ke6 53. Nc3 Kd6 54. e4 Kc5 55. e5 1-0


[Site "https://www.chess.com"]

[Event "Titled Tuesday Blitz June 14 Late 2022"]
[White "Leiva, Gianmarco"]
[Black "Rosen, Eric"]
[WhiteFideId "3804399"]
[BlackFideId "2032562"]
[WhiteElo "2323"]
[BlackElo "2362"]
[Result "1-0"]
[Round "09"]
[TimeControl "180+1"]
[Date "2022.06.14"]
[WhiteClock "0:00:07"]
[BlackClock "0:00:02"]

1. e4 e5 2. Nf3 Nf6 3. d4 Nxe4 4. dxe5 d5 5. Bd3 Bf5 6. O-O Bg6 7. Qe2 Nc6 8. c4 Nb4 9. cxd5 Qxd5 10. Bc4 Qb5 11. Bxb5+ c6 12. Bc4 Nc5 13. Na3 O-O-O 14. Be3 Ncd3 15. Rfd1 Be7 16. Bxa7 Rhe8 17. Bb6 Rd7 18. Qe3 f6 19. Rd2 Bf8 20. e6 Rd6 21. Bc5 Nxc5 22. Rxd6 Bxd6 23. Rd1 Kc7 24. Nh4 Bh5 25. Re1 b5 26. Bf1 g5 27. Nf5 Bg6 28. Nxd6 Kxd6 29. Qd4+ Nd5 30. Bxb5 Nxe6 31. Rxe6+ Rxe6 32. Nc4+ Kc7 33. Qa7+ Kd8 34. Qb8+ Ke7 35. Ne3 cxb5 36. Nxd5+ Kf7 37. Ne3 Bb1 38. g3 Re7 39. Qxb5 Bxa2 40. Qa4 Be6 41. Qe4 Kg7 42. Nf5+ Bxf5 43. Qxe7+ Kg6 44. b4 Bd3 45. Qd6 Be2 46. Qd2 Bb5 47. Qd5 Be8 48. Qe4+ Kf7 49. Qxh7+ Ke6 50. Qe4+ Kf7 51. b5 Bxb5 52. Qb7+ Bd7 53. Qxd7+ Kg6 54. Kg2 g4 55. Qxg4+ Kh6 56. Qg8 Kh5 57. Kf3 f5 58. Kf4 Kh6 59. Kxf5 Kh5 60. Qg5# 1-0


[Site "https://www.chess.com"]

[Event "Titled Tuesday Blitz June 14 Late 2022"]
[White "Malka, Samuel"]
[Black "Romanchuk, Viktor"]
[WhiteFideId "20643675"]
[BlackFideId "14109271"]
[WhiteElo "2477"]
[BlackElo "2242"]
[Result "0-1"]
[Round "09"]
[TimeControl "180+1"]
[Date "2022.06.15"]
[WhiteClock "0:00:01"]
[BlackClock "0:01:09"]

1. Nf3 d5 2. g3 c6 3. Bg2 Bg4 4. O-O Nd7 5. d4 e6 6. h3 Bh5 7. c4 Bd6 8. Nc3 Ngf6 9. Qb3 Rb8 10. Nd2 O-O 11. e4 dxe4 12. Ndxe4 Nxe4 13. Nxe4 Bc7 14. Bg5 Qc8 15. Be7 Re8 16. Bd6 Bg6 17. Qa3 Bxe4 18. Bxe4 Nf6 19. Bg2 Bxd6 20. Qxd6 Rd8 21. Qe5 Rd7 22. Rad1 Qc7 23. Qc5 Qb6 24. b3 Rbd8 25. Qxb6 axb6 26. d5 exd5 27. cxd5 Nxd5 28. Bxd5 Rxd5 29. Rxd5 Rxd5 30. Re1 Kf8 31. Re2 b5 32. Kf1 f6 33. Ke1 Re5 34. Rxe5 fxe5 35. b4 Ke7 36. Ke2 Ke6 37. Ke3 Kd5 38. Kd3 b6 39. a3 c5 40. f3 g5 41. Ke3 c4 42. g4 h6 0-1


[Site "https://www.chess.com"]

[Event "Titled Tuesday Blitz June 14 Late 2022"]
[White "Mammadova, Gulnar"]
[Black "Beulen, Marcel"]
[WhiteFideId "13403508"]
[BlackFideId "1001450"]
[WhiteElo "2255"]
[BlackElo "2412"]
[Result "1/2-1/2"]
[Round "09"]
[TimeControl "180+1"]
[Date "2022.06.14"]
[WhiteClock "0:00:21"]
[BlackClock "0:00:05"]

1. e4 d5 2. exd5 Qxd5 3. Nc3 Qa5 4. Nf3 Nf6 5. g3 c6 6. Bg2 Bf5 7. O-O e6 8. a3 Nbd7 9. d3 Be7 10. Bf4 h6 11. b4 Qd8 12. Nd4 Bg6 13. Qe2 O-O 14. Rad1 a6 15. Rfe1 Re8 16. Nf3 Rc8 17. h4 Bf8 18. Ne5 Nxe5 19. Bxe5 Nd5 20. Ne4 f6 21. Bb2 e5 22. c4 Nc7 23. Qg4 Kh7 24. h5 Bf7 25. Qf5+ Kg8 26. Qf3 Ne6 27. Bh3 Qc7 28. Bf5 Rcd8 29. Qg4 Ng5 30. Bc1 Nxe4 31. Bxe4 Qc8 32. Bf5 Be6 33. Bxe6+ Qxe6 34. Qg6 Qf7 35. Qf5 Qe6 36. Qf3 Rd7 37. Bb2 Qf7 38. c5 Red8 39. Re3 Qd5 40. Qxd5+ Rxd5 41. Kf1 Kf7 42. Ke2 Be7 43. g4 R8d7 44. Bc3 Bd8 45. Rf1 Bc7 46. a4 Ke6 47. Rb1 Rd8 48. Be1 R8d7 49. f3 Kf7 50. b5 cxb5 51. axb5 Rxc5 52. bxa6 bxa6 53. Rb7 Ke6 54. f4 Rb5 55. Ra7 Bb6 56. Rxa6 Rd6 57. Re4 Rd4 58. Rxd4 exd4 59. Kf3 Kd5 60. Ra3 Bc5 61. Ra8 Rb3 62. Rd8+ Ke6 63. Ke4 Rb2 64. f5+ Ke7 65. Rc8 Re2+ 66. Kd5 Rxe1 67. Kxc5 Rg1 68. Rc7+ Kf8 69. Kd6 Rxg4 70. Ke6 Kg8 71. Rd7 Kh7 72. Kf7 Rf4 73. Kf8 Rg4 74. Re7 Rg5 75. Rd7 Rg4 76. Rf7 Rg5 77. Rc7 Rg4 78. Rd7 Rg5 79. Rxd4 Rxf5 80. Rd7 Rxh5 81. Rxg7+ Kh8 82. Rd7 Rh1 83. d4 h5 84. d5 h4 85. d6 Rd1 86. Ke7 Kg7 87. Ra7 Kg6 88. Ra3 Kg5 89. d7 Rxd7+ 90. Kxd7 Kg4 91. Ke6 h3 92. Kxf6 h2 93. Ra1 Kg3 94. Kg5 Kg2 95. Kg4 h1=Q 96. Ra2+ Kg1 97. Ra1+ Kg2 98. Rxh1 Kxh1 1/2-1/2


[Site "https://www.chess.com"]

[Event "Titled Tuesday Blitz June 14 Late 2022"]
[White "Martin Carmona, Gaston Manuel"]
[Black "Korchmar, Vasiliy"]
[WhiteFideId "22284567"]
[BlackFideId "24131750"]
[WhiteElo "2162"]
[BlackElo "2370"]
[Result "0-1"]
[Round "09"]
[TimeControl "180+1"]
[Date "2022.06.14"]
[WhiteClock "0:00:53"]
[BlackClock "0:01:45"]

1. d4 d5 2. c4 c6 3. Nc3 Nf6 4. Nf3 e6 5. e3 Nbd7 6. Be2 Bd6 7. b3 O-O 8. Bb2 dxc4 9. bxc4 e5 10. O-O e4 11. Nd2 Re8 12. Qc2 Qe7 13. Rae1 Nf8 14. f3 exf3 15. Bxf3 Ng4 16. Bxg4 Bxg4 17. Nf3 Ng6 18. e4 Bxf3 19. Rxf3 Bxh2+ 20. Kf1 Bf4 21. e5 Rad8 22. Qe4 Bh6 23. Kg1 Qb4 24. Re2 Qxc4 25. Qf5 Qxd4+ 26. Kh1 Nxe5 27. Rh3 Ng4 0-1


[Site "https://www.chess.com"]

[Event "Titled Tuesday Blitz June 14 Late 2022"]
[White "Mekhitarian, Krikor Sevag"]
[Black "Artemenko, Oleg"]
[WhiteFideId "2107660"]
[BlackFideId "14201798"]
[WhiteElo "2611"]
[BlackElo "2287"]
[Result "1-0"]
[Round "09"]
[TimeControl "180+1"]
[Date "2022.06.14"]
[WhiteClock "0:00:05"]
[BlackClock "0:01:39"]

1. d4 e6 2. Nf3 Nf6 3. g3 b6 4. Bg2 Bb7 5. c4 Bb4+ 6. Bd2 a5 7. O-O O-O 8. a3 Bxd2 9. Nbxd2 d6 10. Qc2 Nbd7 11. e4 e5 12. d5 a4 13. Nh4 Nc5 14. Rae1 Nfd7 15. Nf5 g6 16. Ne3 Qe7 17. f4 f6 18. f5 g5 19. h4 gxh4 20. gxh4 Kh8 21. Kh2 Rg8 22. Bh3 Qf7 23. Bg4 Qg7 24. Rf3 Qh6 25. Rg1 Rg7 26. h5 Rag8 27. Ndf1 Nb3 28. Qf2 Nd4 29. Rfg3 Nc5 30. Nd2 Nd3 31. Qf1 Nf4 32. Bd1 Rxg3 33. Rxg3 Rxg3 34. Kxg3 Qg5+ 35. Kh2 Qh4+ 36. Kg1 Qg3+ 37. Ng2 Nh3+ 38. Kh1 Nf2+ 39. Kg1 Nd3 40. Bxa4 Nxb2 41. Bd1 Ba6 42. Bf3 Nxc4 1-0


[Site "https://www.chess.com"]

[Event "Titled Tuesday Blitz June 14 Late 2022"]
[White "Mikhailov, Viacheslav"]
[Black "Shimanov, Aleksandr"]
[WhiteFideId "4187369"]
[BlackFideId "4198603"]
[WhiteElo "2381"]
[BlackElo "2605"]
[Result "0-1"]
[Round "09"]
[TimeControl "180+1"]
[Date "2022.06.14"]
[WhiteClock "0:00:08"]
[BlackClock "0:00:10"]

1. Nf3 d5 2. g3 Nd7 3. d4 Ngf6 4. Bg2 e6 5. O-O c6 6. c4 dxc4 7. a4 a5 8. Qc2 b5 9. Rd1 Bb7 10. Ne5 Qb6 11. Be3 Nd5 12. Nxd7 Nxe3 13. fxe3 Kxd7 14. Nc3 Bb4 15. Qe4 Rab8 16. Qg4 g6 17. Ne4 f5 18. Nc5+ Ke7 19. Qg5+ Kf7 20. Nd7 Qd8 21. Ne5+ Kg7 22. Qxd8 Rhxd8 23. Bxc6 bxa4 24. Bxb7 Rxb7 25. Rxa4 Rc8 26. Kf2 c3 27. bxc3 Rxc3 28. Rb1 Rcc7 29. Nd3 Bd2 30. Rxb7 Rxb7 31. Nc5 Rb6 32. Rc4 Bb4 33. Nd3 Bd6 34. Rc8 Ra6 35. Nc5 Bxc5 36. dxc5 Kf6 37. c6 Ke5 38. Kf3 a4 39. c7 Kd6 40. e4 fxe4+ 41. Kxe4 a3 42. Rd8+ Kxc7 43. Rd1 a2 44. Ra1 Ra5 45. Kd4 Kd6 46. Kd3 Kd5 47. Kc3 Ke4 48. Kb4 Ra8 49. Kc5 e5 50. Kd6 Ra5 51. h4 Ke3 52. g4 Kxe2 53. g5 e4 54. Ke6 e3 55. Kf6 Kf2 56. Kg7 Ra7+ 57. Kh6 e2 58. h5 gxh5 59. g6 hxg6 0-1


[Site "https://www.chess.com"]

[Event "Titled Tuesday Blitz June 14 Late 2022"]
[White "Moroni, Luca Jr"]
[Black "Bilych, Olexiy"]
[WhiteFideId "865834"]
[BlackFideId "14156504"]
[WhiteElo "2573"]
[BlackElo "2189"]
[Result "0-1"]
[Round "09"]
[TimeControl "180+1"]
[Date "2022.06.14"]
[WhiteClock "0:00:03"]
[BlackClock "0:00:48"]

1. e4 e5 2. Nf3 Nc6 3. d4 exd4 4. Bc4 Nf6 5. e5 d5 6. Bb5 Ne4 7. Nxd4 Bc5 8. Be3 O-O 9. Bxc6 bxc6 10. O-O Qe8 11. f3 Nd6 12. f4 f6 13. Nc3 fxe5 14. fxe5 Rxf1+ 15. Qxf1 Qxe5 16. Qd3 Ba6 17. Qxa6 Qxe3+ 18. Kh1 Bxd4 19. Qxc6 Rf8 20. Qxd5+ Kh8 21. Rd1 Bxc3 22. bxc3 Qxc3 23. h3 Qxc2 24. Re1 Qf5 25. Qc6 Qf7 26. Qc5 h6 27. Qxa7 Qf2 28. Qxf2 Rxf2 29. Rc1 Rxa2 30. Rxc7 Kh7 31. Rc5 Ne4 32. Re5 Nf6 33. Rc5 Kg6 34. Rb5 h5 35. Rb4 Re2 36. Rb5 h4 37. Kh2 Re4 38. Rb3 Rd4 39. Rb1 Kh5 40. Rc1 Ne4 41. Ra1 g5 42. Ra5 Rd1 43. Ra8 Rd4 44. Re8 Kg6 45. Re5 Kf6 46. Ra5 Nd6 47. Ra6 Kf5 48. Ra5+ Kf4 49. Ra2 Ne4 50. Ra3 Rd2 51. Ra8 Ke3 52. Re8 Rd1 53. Re7 Rd5 54. Re8 Rf5 55. Re7 Kf4 56. Re8 Nf6 57. Re7 Re5 58. Ra7 Kf5 59. Ra4 Re3 60. Ra8 g4 61. Ra5+ Kg6 62. Ra1 g3+ 63. Kg1 Ne4 64. Ra6+ Kf5 65. Ra5+ Kf4 66. Ra1 Rd3 67. Kf1 Nc3 68. Ke1 Ke3 69. Rc1 Rd1+ 0-1


[Site "https://www.chess.com"]

[Event "Titled Tuesday Blitz June 14 Late 2022"]
[White "Nakamura, Hikaru"]
[Black "Xiong, Jeffery"]
[WhiteFideId "2016192"]
[BlackFideId "2047640"]
[WhiteElo "2850"]
[BlackElo "2714"]
[Result "1-0"]
[Round "09"]
[TimeControl "180+1"]
[Date "2022.06.14"]
[WhiteClock "0:01:31"]
[BlackClock "0:01:38"]

1. Nf3 d5 2. e3 Nf6 3. c4 e6 4. b3 c5 5. Bb2 Nc6 6. cxd5 exd5 7. d4 cxd4 8. Nxd4 Bb4+ 9. Bc3 a5 10. a3 Bd6 11. Nd2 O-O 12. Be2 Qe7 13. Nb5 Bc5 14. O-O Rd8 15. Nf3 Ne4 16. Bb2 Nxf2 17. Rxf2 Qxe3 18. Nfd4 Bd7 19. Rc1 Bb6 20. Rc3 Qh6 21. Rg3 Bc7 22. Nxc7 1-0


[Site "https://www.chess.com"]

[Event "Titled Tuesday Blitz June 14 Late 2022"]
[White "Nazaretyan, Tigran"]
[Black "Harsh Suresh"]
[WhiteFideId "24162345"]
[BlackFideId "45018464"]
[WhiteElo "2179"]
[BlackElo "2059"]
[Result "1-0"]
[Round "09"]
[TimeControl "180+1"]
[Date "2022.06.14"]
[WhiteClock "0:00:22"]
[BlackClock "0:00:18"]

1. d4 Nf6 2. c4 e5 3. dxe5 Ng4 4. Nf3 Bc5 5. e3 Qe7 6. Nc3 Nxe5 7. Be2 Nxf3+ 8. Bxf3 Bb4 9. Bd2 Bxc3 10. Bxc3 O-O 11. Bd5 d6 12. Qd4 Qg5 13. h4 Qh6 14. g4 Nc6 15. Bxc6 bxc6 16. g5 Qg6 17. h5 Qxg5 18. h6 c5 19. Qxg7+ Qxg7 20. Bxg7 Re8 21. O-O-O Bf5 22. Rhg1 Bg6 23. Kd2 a5 24. f4 a4 25. Rdf1 f5 26. Bc3 Kf7 27. Re1 Rab8 28. Rg5 Re4 29. Kd3 c6 30. Rh1 d5 31. cxd5 cxd5 32. Be5 Rb6 33. Rc1 c4+ 34. Kd2 Rb7 35. Bd4 Re8 36. Kc2 Reb8 37. Rg2 Rb5 38. Kd1 Rg8 39. Ke1 Rgb8 40. Rcc2 Ke6 41. Kd2 Kf7 42. Kc1 R8b7 43. Rc3 Rc7 44. Ra3 Ra5 45. Bb6 Rca7 46. Bxa7 Rxa7 47. b3 cxb3 48. axb3 Rc7+ 49. Rc2 Rxc2+ 50. Kxc2 axb3+ 51. Rxb3 Bh5 52. Rb6 Bf3 53. Kc3 Be4 54. Kd4 Bf3 55. Ke5 Be4 56. Rf6+ Ke7 57. Rxf5 Bxf5 58. Kxf5 Kf7 59. Ke5 d4 60. Kxd4 Kg6 61. Ke5 Kxh6 62. Kf6 Kh5 63. e4 Kg4 64. e5 h5 65. e6 h4 66. e7 h3 67. e8=Q Kxf4 68. Qe5+ Kg4 69. Qh2 Kh4 70. Kf5 Kh5 71. Qxh3# 1-0


[Site "https://www.chess.com"]

[Event "Titled Tuesday Blitz June 14 Late 2022"]
[White "Nozdrachev, Leonid"]
[Black "Sanal, Vahap"]
[WhiteFideId "24113433"]
[BlackFideId "6300545"]
[WhiteElo "2129"]
[BlackElo "2574"]
[Result "0-1"]
[Round "09"]
[TimeControl "180+1"]
[Date "2022.06.14"]
[WhiteClock "0:00:16"]
[BlackClock "0:01:33"]

1. e4 g6 2. Bc4 Bg7 3. d3 e6 4. f4 d5 5. Bb3 a5 6. a4 c6 7. Nf3 Nf6 8. Nc3 O-O 9. Qe2 Na6 10. Be3 b6 11. O-O-O c5 12. Nb5 Bd7 13. Nd6 Qe7 14. e5 Ne8 15. Nxe8 Qxe8 16. h4 Bxa4 17. h5 Bxb3 18. cxb3 Qb5 19. Nd2 Nb4 20. Nb1 Na2+ 21. Kc2 a4 22. Kd2 Qxb3 23. Ke1 Nb4 24. g4 Nc2+ 25. Kf2 Nxe3 26. Qxe3 Qxb2+ 27. Kf1 Qd4 28. Qxd4 cxd4 29. Na3 f6 30. h6 Bh8 31. Ke2 fxe5 32. fxe5 Bxe5 33. Rb1 Bd6 34. Nb5 Bc5 35. Rhe1 a3 36. Kd1 a2 37. Ra1 Rf2 38. Rxe6 Rf1+ 39. Re1 Rxe1+ 40. Kxe1 Ra5 41. Ke2 Rxb5 42. Rxa2 Ra5 43. Rc2 Ra8 44. g5 Re8+ 45. Kf3 Re5 46. Kg4 Be7 47. Rc8+ Kf7 48. Rh8 Rxg5+ 49. Kf4 Rf5+ 50. Kg4 Rg5+ 51. Kf4 Rh5 52. Rxh7+ Ke6 53. Kg4 Rh4+ 54. Kg3 Bg5 55. Rb7 Rxh6 56. Rxb6+ Kf5 57. Rb5 Bf4+ 58. Kf3 Rh3+ 59. Kg2 Rxd3 60. Rxd5+ Ke4 61. Ra5 g5 62. Kf2 Rd2+ 63. Ke1 Rb2 0-1


[Site "https://www.chess.com"]

[Event "Titled Tuesday Blitz June 14 Late 2022"]
[White "Oro, Luis"]
[Black "Cagara, Paulina"]
[WhiteFideId "104094"]
[BlackFideId "1124870"]
[WhiteElo "2369"]
[BlackElo "1873"]
[Result "1-0"]
[Round "09"]
[TimeControl "180+1"]
[Date "2022.06.15"]
[WhiteClock "0:00:03"]
[BlackClock "0:00:06"]

1. e4 c6 2. d4 d5 3. e5 c5 4. dxc5 e6 5. Be3 Nd7 6. Bb5 Qc7 7. Nf3 Bxc5 8. Bxc5 Qxc5 9. Bd3 Ne7 10. O-O Nc6 11. Re1 a6 12. c3 b5 13. Nbd2 Nb6 14. Nb3 Qe7 15. Nbd4 Bb7 16. Nxc6 Bxc6 17. Nd4 Bb7 18. f4 g6 19. Qf3 Nc4 20. b3 Na5 21. Qf2 Rc8 22. Rac1 O-O 23. b4 Nc4 24. Nb3 Rc6 25. Nc5 Rfc8 26. Bxc4 dxc4 27. Rcd1 R6c7 28. Rd6 a5 29. a3 Bd5 30. Ra1 a4 31. Rd1 Kg7 32. Qg3 Kh8 33. Qh3 Rd8 34. Rxd8+ Qxd8 35. g4 Qe7 36. Qe3 Qh4 37. Qg3 Qe7 38. f5 gxf5 39. gxf5 Rc8 40. f6 Qf8 41. Kf2 Qg8 42. Rg1 Qg6 43. Qxg6 hxg6 44. h4 Rg8 45. Na6 Kh7 46. Nc7 Bc6 47. Rd1 Rc8 48. Na6 Kh6 49. Rd6 Kh5 50. Kg3 Be4 51. Nc5 Bf5 52. Rd7 Rg8 53. Rxf7 g5 54. hxg5 Rxg5+ 55. Kf2 Rg4 56. Rf8 Rf4+ 57. Ke3 Rf1 58. Rh8+ Kg4 59. Rg8+ Kh3 60. f7 Bd3 61. f8=Q Re1+ 62. Kd4 Re4+ 63. Nxe4 1-0


[Site "https://www.chess.com"]

[Event "Titled Tuesday Blitz June 14 Late 2022"]
[White "Ozates, Tuna"]
[Black "Lewtak, Damian"]
[WhiteFideId "6354521"]
[BlackFideId "1141724"]
[WhiteElo "1887"]
[BlackElo "2379"]
[Result "0-1"]
[Round "09"]
[TimeControl "180+1"]
[Date "2022.06.15"]
[WhiteClock "0:00:01"]
[BlackClock "0:00:03"]

1. e4 b6 2. d4 Bb7 3. Bd3 g6 4. Nf3 Bg7 5. O-O e6 6. c4 Ne7 7. Nc3 d6 8. Bf4 Nd7 9. Qd2 h6 10. Rfe1 g5 11. Bg3 Ng6 12. d5 Nde5 13. Nd4 Nxd3 14. Qxd3 Qe7 15. Rad1 O-O 16. h3 Bxd4 17. Qxd4 e5 18. Qd2 Bc8 19. b4 f5 20. exf5 Bxf5 21. f3 Qf7 22. c5 bxc5 23. bxc5 Rab8 24. Ne4 Bxe4 25. Rxe4 Rb5 26. Rc4 Rfb8 27. Rdc1 Rb2 28. Qd3 e4 29. Rxe4 Rxa2 30. cxd6 cxd6 31. Re6 Nf8 32. Rxd6 Rbb2 33. Be5 Rxg2+ 34. Kh1 Rgf2 35. Rf6 Qd7 36. Rxh6 Rad2 37. Rg6+ Kf7 38. Rg7+ Ke8 39. Rxd7 Rxd3 40. Rxa7 Rxd5 41. Bf6 Nd7 42. Re1+ Kf7 43. Bd8 Kg6 44. Ra6+ Kf5 45. Rh6 Rxf3 46. Rg1 Rd2 47. Rxg5+ Ke4 48. Re6+ Kf4 49. Rg4+ Kf5 50. Rg2 Kxe6 0-1


[Site "https://www.chess.com"]